[Event "Titled Tuesday Blitz November 15 Late 2022"]
[White "Leiva, Gianmarco"]
[Black "Bilan, Danila"]
[WhiteFideId "3804399"]
[BlackFideId "24161918"]
[WhiteElo "2286"]
[BlackElo "2173"]
[Result "0-1"]
[Round "08"]
[TimeControl "180+1"]
[Date "2022.11.16"]
[WhiteClock "0:01:57"]
[BlackClock "0:00:09"]

1. e4 c6 2. d4 d5 3. e5 c5 4. dxc5 e6 5. a3 Bxc5 6. Qg4 Ne7 7. Qxg7 Rg8 8. Qxh7 Qb6 9. Nh3 Bd4 10. Nc3 Bxe5 11. Qd3 Nbc6 12. f4 Bd4 13. Ng5 Bf2+ 14. Kd1 Nf5 15. Be2 Bd7 16. Rf1 Ne3+ 17. Bxe3 Bxe3 18. Na4 Qd4 19. g3 Rh8 20. Nf3 Qxd3+ 21. Bxd3 Nd4 22. c3 Nxf3 23. Rxf3 Bxa4+ 24. Ke2 Bc5 25. h4 O-O-O 26. Rh1 Bc6 27. b4 Bb6 28. Rff1 d4 29. c4 Bxh1 30. Rxh1 Bc7 31. Kf3 f5 32. Re1 a5 33. c5 axb4 34. axb4 Kd7 35. Bb5+ Ke7 36. Bc4 Rh6 37. Ra1 Bb8 38. Ke2 e5 39. fxe5 Bxe5 40. Kf3 d3 41. Re1 Kf6 42. Rd1 d2 43. b5 Rh7 44. Ke2 Bxg3 45. Rxd2 Rxd2+ 46. Kxd2 Rxh4 47. Bd5 b6 48. Kc3 bxc5 49. Bc4 Bd6 50. b6 Rh8 51. Bd5 Rb8 52. b7 Ke5 53. Kc4 f4 54. Bf3 Kf6 55. Kb5 Ke5 56. Kc6 Rh8 57. Kd7 Bb8 58. Bh5 Kd4 59. Be8 c4 60. Kc8 Rxe8+ 61. Kd7 Rh8 0-1


[Site "https://www.chess.com"]

[Event "Titled Tuesday Blitz November 15 Late 2022"]
[White "Li, Xueyi"]
[Black "Dzierzak, Radoslaw"]
[WhiteFideId "8605912"]
[BlackFideId "1161407"]
[WhiteElo "2197"]
[BlackElo "2111"]
[Result "0-1"]
[Round "08"]
[TimeControl "180+1"]
[Date "2022.11.16"]
[WhiteClock "0:00:18"]
[BlackClock "0:00:04"]

1. d4 Nf6 2. c4 e6 3. g3 Bb4+ 4. Bd2 a5 5. Bg2 d6 6. Nf3 Nbd7 7. O-O e5 8. Bg5 exd4 9. Nxd4 h6 10. Bc1 Ne5 11. b3 O-O 12. Bb2 c6 13. Nf3 Nxf3+ 14. Bxf3 Bh3 15. Bg2 Bxg2 16. Kxg2 Qe7 17. a3 Bc5 18. Nc3 Rad8 19. Rc1 d5 20. cxd5 Nxd5 21. Nxd5 Rxd5 22. Qc2 Bxa3 23. Bxa3 Qxa3 24. Ra1 Qd6 25. Rfd1 Rd8 26. Rxd5 Qxd5+ 27. e4 Qb5 28. Rd1 Rxd1 29. Qxd1 g6 30. h4 h5 31. Qd8+ Kh7 32. Qd1 Qe5 33. Qf3 Kg7 34. Qd3 b5 35. f4 Qb2+ 36. Kh3 a4 37. bxa4 bxa4 38. e5 Qb3 39. Qd4 Qe6+ 40. Kg2 a3 41. Qa1 a2 42. Kh2 Kh7 43. Qd4 Qd5 44. Qa7 Qe6 45. Qa3 Qc4 46. Qb2 Qd5 47. Qc3 Qe6 48. Qb2 Qc4 49. Kg2 Qa4 50. Qb7 Qc2+ 51. Kf3 Qd3+ 52. Kf2 Qc2+ 53. Kf3 Kg7 54. Qe7 Qd3+ 55. Kf2 Qf5 56. Qa3 Qc2+ 57. Kf3 Qb1 58. Qd6 Qb3+ 59. Kf2 Qc2+ 60. Ke3 Qc3+ 61. Kf2 Qc2+ 62. Ke3 Qb3+ 63. Kf2 Qe6 64. Qa3 c5 65. Qb2 Kh7 66. Ke3 Qc4 67. Kf3 Qb4 68. Qa1 Qb3+ 0-1


[Site "https://www.chess.com"]

[Event "Titled Tuesday Blitz November 15 Late 2022"]
[White "Madaminov, Mukhiddin"]
[Black "Firouzja, Alireza"]
[WhiteFideId "14210703"]
[BlackFideId "12573981"]
[WhiteElo "2341"]
[BlackElo "2903"]
[Result "0-1"]
[Round "08"]
[TimeControl "180+1"]
[Date "2022.11.15"]
[WhiteClock "0:00:01"]
[BlackClock "0:00:26"]

1. d4 g6 2. Nc3 Bg7 3. e4 d6 4. f4 Nf6 5. Bd3 O-O 6. Nf3 Nc6 7. e5 dxe5 8. dxe5 Nh5 9. O-O f6 10. Bc4+ Kh8 11. Qxd8 Rxd8 12. exf6 exf6 13. Be3 Bh6 14. g3 Bh3 15. Rfd1 Re8 16. Kf2 Ne7 17. Nd4 c6 18. a4 g5 19. Bf7 Bg4 20. Bxe8 gxf4 21. gxf4 Bxd1 22. Rxd1 Rxe8 23. Nde2 Nf5 24. Bxa7 Nxf4 25. Nxf4 Bxf4 26. Rd7 Bxh2 27. Rxb7 h5 28. Kg2 Be5 29. Bf2 Rg8+ 30. Kh3 Nd6 31. Rb6 Bxc3 32. bxc3 Ne4 33. Bd4 Kh7 34. Rxc6 f5 35. Rc7+ Kg6 36. Kh4 f4 37. Rc6+ Kf5 38. Rc7 Rf8 39. Kxh5 f3 40. Kh4 Kf4 41. Kh3 Rf5 42. Rh7 Ng5+ 0-1


[Site "https://www.chess.com"]

[Event "Titled Tuesday Blitz November 15 Late 2022"]
[White "Makridis, Dimitrios"]
[Black "Averjanov, Alexey"]
[WhiteFideId "25864475"]
[BlackFideId "14109867"]
[WhiteElo "2272"]
[BlackElo "2619"]
[Result "1-0"]
[Round "08"]
[TimeControl "180+1"]
[Date "2022.11.15"]
[WhiteClock "0:00:47"]
[BlackClock "0:00:01"]

1. e4 c6 2. d4 d5 3. exd5 cxd5 4. Bd3 Nc6 5. c3 Nf6 6. h3 g6 7. Nf3 Bf5 8. Ne5 Bxd3 9. Nxd3 Bg7 10. O-O O-O 11. Bf4 e6 12. Nd2 Qe7 13. Re1 Rfc8 14. a3 Nd7 15. Qf3 a5 16. g3 b5 17. b4 Nb6 18. Nc5 axb4 19. axb4 Nc4 20. Nxc4 bxc4 21. b5 Na5 22. b6 Nb7 23. Bc7 Rxa1 24. Rxa1 Nxc5 25. dxc5 Qxc5 26. b7 Qxc7 27. bxc8=Q+ Qxc8 28. Ra7 Qe8 29. Rb7 Be5 30. h4 h5 31. Kg2 Kg7 32. Ra7 Bf6 33. g4 hxg4 34. Qxg4 Qc6 35. h5 g5 36. Qf3 Qb6 37. h6+ Kg6 38. Ra8 g4 39. Rg8+ Kxh6 40. Qxf6+ Kh7 41. Rh8# 1-0


[Site "https://www.chess.com"]

[Event "Titled Tuesday Blitz November 15 Late 2022"]
[White "Maksimovic, Bojan"]
[Black "Kollars, Dmitrij"]
[WhiteFideId "14408120"]
[BlackFideId "12909572"]
[WhiteElo "2447"]
[BlackElo "2584"]
[Result "1-0"]
[Round "08"]
[TimeControl "180+1"]
[Date "2022.11.15"]
[WhiteClock "0:00:25"]
[BlackClock "0:00:08"]

1. Nf3 Nf6 2. e3 g6 3. c4 Bg7 4. Nc3 O-O 5. b3 d5 6. Bb2 Nc6 7. cxd5 Nxd5 8. a3 Bf5 9. Qc1 Nb6 10. Be2 Bd3 11. O-O a5 12. Bxd3 Qxd3 13. Qb1 Rfd8 14. Rd1 Ne5 15. Nxe5 Bxe5 16. Qxd3 Rxd3 17. Kf1 h5 18. Ke2 Rd7 19. h3 c5 20. d3 Bxc3 21. Bxc3 a4 22. Rab1 axb3 23. Rxb3 Na4 24. Ba1 f6 25. Rc1 e5 26. g3 Kf7 27. f4 exf4 28. gxf4 Ra6 29. Rc4 Rc7 30. h4 Nb6 31. Rc1 Nd5 32. Kf3 b6 33. e4 Ne7 34. Rcb1 Rc6 35. d4 cxd4 36. Bxd4 Nc8 37. Be3 f5 38. exf5 gxf5 39. Rb5 Ke6 40. Re5+ Kf6 41. Bd4 Rxa3+ 42. Re3+ 1-0


[Site "https://www.chess.com"]

[Event "Titled Tuesday Blitz November 15 Late 2022"]
[White "Manukyan, Sargis A."]
[Black "Mr_Penings"]
[WhiteFideId "13303970"]
[WhiteElo "2558"]
[BlackElo "2678"]
[Result "0-1"]
[Round "08"]
[TimeControl "180+1"]
[Date "2022.11.16"]
[WhiteClock "0:00:08"]
[BlackClock "0:00:49"]

1. d4 Nf6 2. c4 d6 3. Nf3 Nbd7 4. Nc3 e5 5. g3 g6 6. Bg2 Bg7 7. O-O O-O 8. Bg5 c6 9. dxe5 dxe5 10. Qc2 h6 11. Bxf6 Bxf6 12. Rad1 Qe7 13. Ne4 Bg7 14. Nd6 Nc5 15. b4 Ne6 16. c5 a5 17. a3 axb4 18. axb4 Nd4 19. Nxd4 exd4 20. b5 Be6 21. Nxb7 Ra2 22. Qe4 Qxb7 23. Qxc6 Qb8 24. b6 Rc8 25. Qb5 d3 26. Rxd3 Rb2 27. Qa5 Ra2 28. Qb5 Rc2 29. c6 Rb2 30. Qxb2 Bxb2 31. c7 Qxb6 32. Rd8+ Kg7 33. Rxc8 Bxc8 34. Rb1 Qxc7 35. Rxb2 Qc1+ 0-1


[Site "https://www.chess.com"]

[Event "Titled Tuesday Blitz November 15 Late 2022"]
[White "Megalios, Konstantinos"]
[Black "Kleiman, Jake"]
[WhiteFideId "4238044"]
[BlackFideId "2020041"]
[WhiteElo "2277"]
[BlackElo "2632"]
[Result "1-0"]
[Round "08"]
[TimeControl "180+1"]
[Date "2022.11.16"]
[WhiteClock "0:00:15"]
[BlackClock "0:00:07"]

1. e4 e5 2. Nf3 Nc6 3. Bb5 a6 4. Ba4 Nf6 5. O-O b5 6. Bb3 Bc5 7. a4 Rb8 8. Nxe5 Nxe5 9. d4 Bxd4 10. Qxd4 d6 11. Bf4 c5 12. Qe3 c4 13. Ba2 O-O 14. Nc3 h6 15. axb5 axb5 16. b4 Re8 17. Rab1 Qc7 18. Rbd1 Qc6 19. f3 Ra8 20. Bb1 Ra3 21. Qd4 Bb7 22. Rfe1 Re6 23. Bc1 Ra8 24. Ne2 Nh5 25. Nf4 Nxf4 26. Bxf4 Rae8 27. c3 Qc7 28. Bg3 Bc6 29. Bc2 Qb7 30. Ra1 Ra8 31. h3 Qc8 32. Kh2 Qb8 33. Red1 Rg6 34. f4 Nd3 35. Bxd3 cxd3 36. f5 Rg5 37. Bxd6 Qc8 38. Bf4 Rh5 39. g4 Rg5 40. Rxa8 Qxa8 41. Bxg5 hxg5 42. Rxd3 Qa2+ 43. Rd2 Qb1 44. Re2 Qf1 45. Qf2 Qc1 46. Qe3 Qf1 47. Rf2 Qb1 48. Re2 Qf1 49. Qf2 Qb1 50. Re1 Qd3 51. Re3 Qb1 52. Qe1 Qc2+ 53. Re2 Qd3 54. Qd2 Qf3 55. Re3 Qf1 56. Qe2 Qf4+ 57. Kg2 Qe5 58. Qd2 Qf4 59. Qf2 Bxe4+ 60. Kg1 Qe5 61. Qe1 Qf4 62. Rxe4 Qf3 63. Re3 Qf4 64. Qf2 Qc4 65. Qe2 Qf4 66. Qf3 Qc4 67. Qe4 Qb3 68. Kf2 Qa2+ 69. Kg3 Qb3 70. Qe8+ Kh7 71. f6 gxf6 72. Qe4+ Kg7 73. c4 Qxb4 74. cxb5 Qxb5 75. Qf5 Qb2 76. Rf3 Qd4 77. Kg2 Qd2+ 78. Rf2 Qd4 79. Qf3 Qe5 80. Re2 Qd4 81. Re3 Qa1 82. Qf2 Qd4 83. Rf3 Qe4 84. Kg3 Qe5+ 85. Kg2 Qd5 86. Qb2 Qc6 87. Qd4 Qe6 88. Kg3 Qe1+ 89. Qf2 Qe6 90. Qb2 Qd6+ 91. Kg2 Qc6 92. h4 gxh4 93. g5 h3+ 94. Kg3 Qd6+ 95. Kxh3 Qe6+ 96. Kg2 Kh7 97. Qxf6 Qg4+ 98. Kf2 Qh4+ 99. Ke3 Qe1+ 100. Kf4 Qd2+ 101. Kg3 Qe1+ 102. Rf2 Qg1+ 103. Kf3 Qh1+ 104. Ke2 Qe4+ 105. Kd2 Qd5+ 106. Ke3 Qc5+ 107. Qd4 Qa3+ 108. Kf4 Qh3 109. Qe4+ Kg8 110. Qe8+ Kg7 111. Qe5+ Kg8 112. Qb8+ Kg7 113. Qb2+ Kg8 114. Qb8+ Kg7 115. Qe5+ Kg8 116. Qf5 Qh4+ 117. Kf3 Qh1+ 118. Kg3 Qg1+ 119. Rg2 Qe1+ 120. Qf2 Qe5+ 121. Qf4 Qe1+ 122. Kh3 Qe6+ 123. Kh4 Qe7 124. Rf2 Qe6 125. Qf6 Qe4+ 126. Qf4 Qh1+ 127. Kg3 Qg1+ 128. Kf3 Qh1+ 129. Ke2 Qh5+ 130. Qf3 Qg6 131. Qf6 Qc2+ 132. Kf3 Qd3+ 133. Kg2 Qe4+ 134. Rf3 Qe2+ 135. Kh3 Qa2 136. g6 Qd5 137. Qxf7+ Qxf7 138. gxf7+ Kf8 139. Kg2 Kg7 140. f8=Q+ 1-0


[Site "https://www.chess.com"]

[Event "Titled Tuesday Blitz November 15 Late 2022"]
[White "Melian, Juan Sebastian"]
[Black "Brown, Andrew"]
[WhiteFideId "3706575"]
[BlackFideId "3206513"]
[WhiteElo "2044"]
[BlackElo "2245"]
[Result "1-0"]
[Round "08"]
[TimeControl "180+1"]
[Date "2022.11.16"]
[WhiteClock "0:00:09"]
[BlackClock "0:00:07"]

1. d4 g6 2. c4 Bg7 3. Nc3 d6 4. e4 Nd7 5. Nge2 e5 6. Be3 Ne7 7. f3 f5 8. dxe5 Nxe5 9. Nf4 O-O 10. Be2 fxe4 11. Nxe4 Nf5 12. Bf2 c6 13. O-O Bh6 14. g3 Bxf4 15. gxf4 Nf7 16. Qd3 d5 17. cxd5 cxd5 18. Qxd5 Qxd5 19. Nf6+ Kg7 20. Nxd5 Bd7 21. Nc3 Bc6 22. Rfd1 Rfe8 23. Kf1 Ne3+ 24. Bxe3 Rxe3 25. Kf2 Rae8 26. Rd2 Nh6 27. Rd3 Nf5 28. Rxe3 Nxe3 29. Rc1 h5 30. Bd3 Nf5 31. Bxf5 gxf5 32. Rg1+ Kf6 33. Rg5 Rd8 34. Rxh5 Rd2+ 35. Ke3 Rxb2 36. Rh6+ Kg7 37. Re6 Rxh2 38. Ne2 Kf7 39. Re5 Kf6 40. Nd4 Rxa2 41. Rxf5+ Ke7 42. Rh5 Ra3+ 43. Kf2 a5 44. f5 a4 45. f4 Rd3 46. Rh7+ Kd6 47. Ne6 Rf3+ 48. Ke2 a3 49. Rh8 Rb3 50. Ra8 Rb2+ 51. Kd3 a2 52. Nd4 Rh2 53. f6 Bd5 54. Nf5+ Kc7 55. Ne3 Be6 56. Ke4 Rh1 57. Ke5 a1=Q+ 58. Rxa1 Rxa1 59. Kxe6 Re1 60. f7 Rxe3+ 61. Kf5 Rf3 62. f8=Q Rc3 63. Qg7+ Kb6 64. Qxc3 1-0


[Site "https://www.chess.com"]

[Event "Titled Tuesday Blitz November 15 Late 2022"]
[White "Melikhov, Evgeny V."]
[Black "Clawitter, Craig"]
[WhiteFideId "4122046"]
[BlackFideId "2023105"]
[WhiteElo "2169"]
[BlackElo "2244"]
[Result "1-0"]
[Round "08"]
[TimeControl "180+1"]
[Date "2022.11.16"]
[WhiteClock "0:00:33"]
[BlackClock "0:00:02"]

1. d4 e6 2. c4 Nf6 3. Nc3 d5 4. cxd5 exd5 5. Bg5 c6 6. Qc2 Be7 7. e3 O-O 8. Bd3 Nbd7 9. Nf3 Re8 10. O-O Nf8 11. h3 g6 12. Rab1 a5 13. a3 Ne6 14. Bh6 Ng7 15. b4 Bd6 16. Rfc1 Nf5 17. Bg5 h6 18. Bxf6 Qxf6 19. Ne2 axb4 20. axb4 Bd7 21. b5 Ra3 22. Rb3 Rxb3 23. Qxb3 Nxe3 24. fxe3 Rxe3 25. Ne5 Bxe5 26. dxe5 Qxe5 27. Qc2 Bxh3 28. Rf1 Bf5 29. Nf4 Rxd3 30. Nxd3 Qd4+ 31. Qf2 Qxd3 32. b6 Qe4 33. Re1 Qc4 34. Re8+ Kh7 35. Qe3 1-0


[Site "https://www.chess.com"]

[Event "Titled Tuesday Blitz November 15 Late 2022"]
[White "Mendonca, Mateus Nakajo"]
[Black "Forgacs, Attila Jr."]
[WhiteFideId "2110954"]
[BlackFideId "773654"]
[WhiteElo "2310"]
[BlackElo "2168"]
[Result "1-0"]
[Round "08"]
[TimeControl "180+1"]
[Date "2022.11.16"]
[WhiteClock "0:00:22"]
[BlackClock "0:00:04"]

1. d4 Nf6 2. Nf3 g6 3. g3 Bg7 4. Bg2 O-O 5. O-O d6 6. b3 c5 7. Bb2 Nc6 8. c4 cxd4 9. Nxd4 Bd7 10. Nc3 Nxd4 11. Qxd4 Bc6 12. Nd5 Ne8 13. Qd2 Bxb2 14. Qxb2 Bxd5 15. Bxd5 Qb6 16. h4 Nf6 17. Bf3 h5 18. Rfd1 Rac8 19. Rac1 Rfd8 20. Kg2 Rc5 21. Rd4 Rdc8 22. Rcd1 Rxc4 23. Rxd6 exd6 24. Qxf6 R4c7 25. Rxd6 Qc5 26. Bd5 Qc2 27. e4 Kh7 28. Qf4 Qc1 29. Qxc1 Rxc1 30. Bxf7 R8c6 31. Bxg6+ Kg7 32. Rxc6 Rxc6 33. Bxh5 Rc2 34. g4 Rxa2 35. g5 Rb2 36. Kg3 Rxb3+ 37. Kg4 a5 38. e5 a4 39. e6 Kf8 40. g6 Rb4+ 41. Kg5 Rb5+ 42. Kh6 Rxh5+ 43. Kxh5 a3 44. Kh6 a2 45. g7+ Ke7 46. g8=Q a1=Q 47. Qf7+ Kd6 48. f4 Qh8+ 49. Kg5 Qc3 50. Qd7+ Kc5 51. Qc7+ Kd4 52. Qxc3+ Kxc3 53. e7 1-0


[Site "https://www.chess.com"]

[Event "Titled Tuesday Blitz November 15 Late 2022"]
[White "Mickiewicz, Piotr"]
[Black "Sohal, Tanraj"]
[WhiteFideId "1114891"]
[BlackFideId "2608499"]
[WhiteElo "2246"]
[BlackElo "2200"]
[Result "1-0"]
[Round "08"]
[TimeControl "180+1"]
[Date "2022.11.16"]
[WhiteClock "0:00:18"]
[BlackClock "0:01:11"]

1. e4 d5 2. exd5 Qxd5 3. Nc3 Qd8 4. d4 Nf6 5. Bf4 g6 6. Qd2 Bg7 7. O-O-O O-O 8. Bh6 Nc6 9. Nf3 Bg4 10. d5 Bxf3 11. gxf3 Ne5 12. Be2 c6 13. Bxg7 Kxg7 14. f4 Ned7 15. dxc6 bxc6 16. h4 h5 17. f5 Qb6 18. fxg6 fxg6 19. Rhg1 Qxf2 20. Rxg6+ Kh8 21. Qh6+ Nh7 22. Rxd7 Qf7 23. Bd3 Rae8 24. Rf6 Qg7 25. Qxh7+ Qxh7 26. Rxf8+ Rxf8 27. Bxh7 Kxh7 28. Rxe7+ Kg6 29. Rxa7 Rf4 30. Rc7 Rxh4 31. Rxc6+ Kf5 32. Ne2 Rh2 33. Kd2 h4 34. Ke3 Rh3+ 35. Kf2 Rh2+ 36. Kf3 Rh3+ 37. Kg2 Re3 38. Rc5+ Kg4 39. Rc4+ Kg5 40. Kf2 Re8 41. a4 h3 42. Ng1 Rf8+ 43. Nf3+ Kf5 44. Rh4 Rc8 45. c3 Rb8 46. b4 Rc8 47. c4 Rb8 48. b5 Ra8 49. c5 Ke6 50. c6 Kd6 51. Kg3 Rf8 52. Rxh3 Kc7 53. Rh7+ Kb6 54. Rb7+ Ka5 55. c7 Rg8+ 56. Kf4 Rf8+ 57. Ke4 Re8+ 58. Ne5 Rc8 59. b6 Kxa4 60. Rb8 Rxb8 61. cxb8=Q 1-0


[Site "https://www.chess.com"]

[Event "Titled Tuesday Blitz November 15 Late 2022"]
[White "Molenda, Marcin"]
[Black "Hristodoulou, Panagiotis"]
[WhiteFideId "1173065"]
[BlackFideId "4214340"]
[WhiteElo "2550"]
[BlackElo "2677"]
[Result "1-0"]
[Round "08"]
[TimeControl "180+1"]
[Date "2022.11.16"]
[WhiteClock "0:01:35"]
[BlackClock "0:02:01"]

1. e4 e5 2. Nf3 Nc6 3. d4 exd4 4. Nxd4 Bc5 5. Nb3 Bb6 6. Nc3 Nge7 7. Bg5 O-O 8. Nd5 d6 9. Nxb6 axb6 10. Be2 Be6 11. O-O f6 12. Be3 Qe8 13. a3 Qg6 14. f3 Rae8 15. Nd4 Nxd4 16. Qxd4 f5 17. Bd3 Nc6 18. Qc3 f4 19. Bf2 Bh3 20. g4 fxg3 21. Bxg3 Bxf1 22. Rxf1 Ne5 23. Be2 h5 24. Kh1 Qf7 25. f4 Ng4 26. Bc4 1-0


[Site "https://www.chess.com"]

[Event "Titled Tuesday Blitz November 15 Late 2022"]
[White "Nakamura, Hikaru"]
[Black "Mikaelyan, Arman"]
[WhiteFideId "2016192"]
[BlackFideId "13304852"]
[WhiteElo "2909"]
[BlackElo "2456"]
[Result "1-0"]
[Round "08"]
[TimeControl "180+1"]
[Date "2022.11.15"]
[WhiteClock "0:00:22"]
[BlackClock "0:00:52"]

1. b4 b6 2. Bb2 Bb7 3. Nf3 e6 4. e3 Nf6 5. a3 Be7 6. c4 O-O 7. Nc3 c5 8. bxc5 bxc5 9. Bd3 d5 10. cxd5 exd5 11. O-O Nbd7 12. Ne2 Rb8 13. Rb1 Bd6 14. Ng3 g6 15. Be2 Qe7 16. d3 Rfc8 17. Qa4 Bc6 18. Qh4 d4 19. Qg5 Bxg3 20. hxg3 Rb3 21. Nd2 Rb5 22. a4 Rb4 23. Ba3 Rxa4 24. Nc4 Bd5 25. Ra1 Rb8 26. Bd1 Ra6 27. exd4 Rb3 28. Bxb3 Qe2 29. Qe3 Qh5 30. f3 Re6 31. Qf2 cxd4 32. Rae1 Ra6 33. g4 Qg5 34. Bc1 Nxg4 35. Bxg5 1-0


[Site "https://www.chess.com"]

[Event "Titled Tuesday Blitz November 15 Late 2022"]
[White "Nugumanov, Bakhtiyar"]
[Black "Rodriguez Fontecha, Marcos"]
[WhiteFideId "13701797"]
[BlackFideId "2256576"]
[WhiteElo "2287"]
[BlackElo "2263"]
[Result "1-0"]
[Round "08"]
[TimeControl "180+1"]
[Date "2022.11.16"]
[WhiteClock "0:01:06"]
[BlackClock "0:00:47"]

1. b3 e5 2. Bb2 Nc6 3. e3 Bd6 4. Qg4 Bf8 5. Qg3 d6 6. Bb5 Bd7 7. Nf3 Nf6 8. d3 Nh5 9. Qg5 Qxg5 10. Nxg5 Be7 11. Nf3 f5 12. Nbd2 Nf6 13. O-O a6 14. Bxc6 Bxc6 15. Rfe1 b5 16. e4 fxe4 17. dxe4 Kd7 18. a3 Bb7 19. Rad1 h6 20. Nf1 Nxe4 21. Nxe5+ Kc8 22. Ng6 Re8 23. Nxe7+ Rxe7 24. f3 d5 25. fxe4 dxe4 26. Ne3 Bc6 27. Nf5 Re8 28. Nxg7 Rg8 29. Nf5 Rg5 30. Ne7+ Kb7 31. Nxc6 Kxc6 32. Rxe4 1-0


[Site "https://www.chess.com"]

[Event "Titled Tuesday Blitz November 15 Late 2022"]
[White "Palencia Morales, Wilson Guillermo"]
[Black "Buchenau, Frank"]
[WhiteFideId "4401859"]
[BlackFideId "4604350"]
[WhiteElo "2160"]
[BlackElo "2157"]
[Result "1/2-1/2"]
[Round "08"]
[TimeControl "180+1"]
[Date "2022.11.16"]
[WhiteClock "0:00:10"]
[BlackClock "0:00:02"]

1. d4 e6 2. c4 Nf6 3. Nf3 b6 4. g3 Bb7 5. Bg2 Be7 6. O-O O-O 7. Nc3 Ne4 8. Qc2 Nxc3 9. Qxc3 f5 10. d5 Bf6 11. Qd2 Na6 12. Rb1 Nc5 13. dxe6 dxe6 14. Qxd8 Raxd8 15. Be3 Be4 16. Rbd1 Bxb2 17. Bxc5 bxc5 18. Ng5 Bxg2 19. Kxg2 Bf6 20. Nxe6 Rxd1 21. Rxd1 Re8 22. Nf4 Re4 23. Rc1 Bg5 24. e3 Bxf4 25. gxf4 Kf7 26. Rc3 Ke7 27. f3 Re6 28. Ra3 Kd7 29. Kf2 Rh6 30. Kg3 Rg6+ 31. Kf2 Rh6 32. Rxa7 Rxh2+ 33. Kg3 Rc2 34. e4 Rxc4 35. e5 Rc1 36. Ra8 c4 37. Kf2 c3 38. Ke2 h5 39. Kd3 Rf1 40. Kxc3 Rxf3+ 41. Kd4 Rxf4+ 42. Kd5 c6+ 43. Kc5 Ke6 44. Re8+ Kf7 45. Rc8 Re4 46. Rc7+ Ke6 47. Rxc6+ Kxe5 48. Rg6 h4 49. Rxg7 h3 50. Rh7 Re3 51. a4 f4 52. a5 Rc3+ 53. Kb4 Rd3 54. a6 Rd6 55. a7 Ra6 56. Kb5 Ra2 57. Kb6 f3 58. Rxh3 f2 59. Rf3 Rb2+ 60. Kc7 Ra2 61. Kb7 Rb2+ 62. Ka8 Ke4 63. Rf8 Ke3 64. Re8+ Kf3 65. Rf8+ Ke2 66. Rxf2+ Kxf2 1/2-1/2


[Site "https://www.chess.com"]

[Event "Titled Tuesday Blitz November 15 Late 2022"]
[White "Papayan, Oleg"]
[Black "Martinez Reyes, Pedro Ramon"]
[WhiteFideId "4193911"]
[BlackFideId "3901807"]
[WhiteElo "2153"]
[BlackElo "2354"]
[Result "1-0"]
[Round "08"]
[TimeControl "180+1"]
[Date "2022.11.16"]
[WhiteClock "0:00:13"]
[BlackClock "0:00:21"]

1. e4 c6 2. Nf3 d5 3. Nc3 Nf6 4. e5 Ne4 5. Bd3 Nxc3 6. dxc3 Bg4 7. h3 Bxf3 8. Qxf3 e6 9. Qg3 Nd7 10. O-O g6 11. Bg5 Qc7 12. Rfe1 Bg7 13. f4 O-O 14. Qh4 Rab8 15. Be7 Qb6+ 16. Qf2 Rfe8 17. Bd6 Rbc8 18. b4 Bf8 19. Bxf8 Qxf2+ 20. Kxf2 Kxf8 21. a4 c5 22. Bb5 Ke7 23. Bxd7 Kxd7 24. b5 Ra8 25. Ke3 a6 26. Kd3 axb5 27. axb5 Kc7 28. c4 dxc4+ 29. Kxc4 Kb6 30. Red1 Red8 31. Rxa8 Rxd1 32. c3 Rf1 33. g3 Rf3 34. Rf8 Rxg3 35. Rxf7 Rf3 36. Rf6 Ka5 37. Kxc5 b6+ 38. Kd6 Rxc3 39. Kxe6 Kxb5 40. Kf7 Rc7+ 41. Kg8 Kc5 42. e6 Kd6 43. e7+ Kxe7 44. Rxb6 Rc3 45. Kxh7 Rg3 46. Kh6 Kf7 47. Rb7+ Kf6 48. Rb6+ Kf5 49. Rc6 Rxh3+ 50. Kg7 Rg3 51. Rf6+ Ke4 52. Rxg6 Ra3 53. f5 Kxf5 54. Rf6+ Kg5 55. Rc6 Ra7+ 56. Kf8 Kf5 57. Ke8 Ke5 58. Rh6 Kd5 59. Kd8 Rg7 60. Ke8 Kc5 61. Kf8 Rc7 62. Kg8 Ra7 63. Kf8 Kd5 64. Kg8 Ke5 65. Kf8 Kf5 66. Kg8 Ra8+ 67. Kf7 Kg5 68. Rb6 Ra7+ 69. Ke8 Rh7 70. Kd8 Rh8+ 71. Kc7 Kf5 72. Rb5+ Ke6 73. Rb1 Rh7+ 74. Kc6 Rh2 75. Re1+ Kf7 76. Kd6 Rd2+ 77. Ke5 Rd8 78. Rf1+ Ke7 79. Rh1 Ra8 80. Rh7+ Kd8 81. Rh8+ Kc7 82. Rxa8 Kb7 83. Ra1 1-0


[Site "https://www.chess.com"]

[Event "Titled Tuesday Blitz November 15 Late 2022"]
[White "Petrovic, Aleksa"]
[Black "Tan, Zhongyi"]
[WhiteFideId "967629"]
[BlackFideId "8603642"]
[WhiteElo "2498"]
[BlackElo "2765"]
[Result "0-1"]
[Round "08"]
[TimeControl "180+1"]
[Date "2022.11.16"]
[WhiteClock "0:00:01"]
[BlackClock "0:00:41"]

1. d4 d5 2. c4 e6 3. Nf3 Nf6 4. Nc3 Be7 5. Bg5 h6 6. Bh4 O-O 7. e3 b6 8. Bxf6 Bxf6 9. cxd5 exd5 10. Qb3 Be6 11. Rd1 c5 12. dxc5 d4 13. Bc4 Qe7 14. Nxd4 Bxd4 15. Rxd4 Nc6 16. Re4 Na5 17. Rxe6 fxe6 18. Bxe6+ Kh8 19. Qd5 Rad8 20. Qe4 Rfe8 21. Bd5 Qxc5 22. Qg6 Qd6 23. Qxd6 Rxd6 24. b4 Nc6 25. Bxc6 Rxc6 26. Ne2 Rc2 27. f3 Rd8 28. Kf2 Rdd2 29. Re1 Rxa2 30. e4 Rdb2 31. Ke3 Rxb4 32. Nf4 Rb3+ 33. Kd4 Rd2+ 34. Ke5 Kh7 35. Rc1 Rb5+ 36. Ke6 Rc5 37. Ra1 a5 38. e5 Rc4 0-1


[Site "https://www.chess.com"]

[Event "Titled Tuesday Blitz November 15 Late 2022"]
[White "Poliakova, Varvara"]
[Black "Quirke, Jeffrey"]
[WhiteFideId "13518313"]
[BlackFideId "2013029"]
[WhiteElo "2099"]
[BlackElo "2239"]
[Result "1-0"]
[Round "08"]
[TimeControl "180+1"]
[Date "2022.11.16"]
[WhiteClock "0:02:23"]
[BlackClock "0:00:20"]

1. e4 c5 2. Nf3 Nc6 3. d4 cxd4 4. Nxd4 Nf6 5. Nc3 d6 6. Bg5 e6 7. Qd2 Bd7 8. O-O-O a6 9. f3 b5 10. Nxc6 Bxc6 11. Nd5 exd5 12. exd5 Bb7 13. Re1+ Be7 14. Bxf6 gxf6 15. Qd4 Qa5 16. Bd3 Qxa2 17. Qxf6 O-O-O 18. Rxe7 Qa1+ 19. Kd2 Qxh1 20. Qc3+ 1-0


[Site "https://www.chess.com"]

[Event "Titled Tuesday Blitz November 15 Late 2022"]
[White "Pranav, V"]
[Black "Pultinevicius, Paulius"]
[WhiteFideId "25060783"]
[BlackFideId "12809390"]
[WhiteElo "2430"]
[BlackElo "2493"]
[Result "1-0"]
[Round "08"]
[TimeControl "180+1"]
[Date "2022.11.15"]
[WhiteClock "0:00:04"]
[BlackClock "0:00:02"]

1. e4 c6 2. d4 d5 3. e5 Bf5 4. c4 e6 5. Nc3 Ne7 6. a3 Nd7 7. c5 b6 8. b4 a5 9. Be3 f6 10. f4 axb4 11. axb4 Rxa1 12. Qxa1 bxc5 13. bxc5 fxe5 14. fxe5 Nxe5 15. dxe5 d4 16. Nb5 dxe3 17. Nd6+ Kd7 18. Qa7+ Qc7 19. Qa8 Bg6 20. Nf3 Nd5 21. Qa6 Qb8 22. Nb7 Be7 23. Bc4 Qa8 24. O-O Qxa6 25. Bxa6 Ra8 26. Bc4 Ra4 27. Bxd5 cxd5 28. Rd1 Kc6 29. Nd6 Kxc5 30. Rc1+ Kb4 31. Nd4 Ka3 32. Nc6 Kb2 33. Re1 Bg5 34. h4 Rxh4 35. Nb5 Rc4 36. Ncd4 Rc1 37. Rxc1 Kxc1 38. Nxe6 Bh4 39. Nf4 Bg5 40. Ne2+ Kd2 41. Ned4 Bf4 42. Nf3+ Kd1 43. e6 e2 44. Nc3+ Kc2 45. Nxe2 Be3+ 46. Kh2 Be8 47. Ned4+ Kd3 48. Nf5 g6 49. Ng7 Ba4 50. e7 Bf4+ 51. Kg1 Be3+ 52. Kf1 d4 53. Ne6 1-0


[Site "https://www.chess.com"]

[Event "Titled Tuesday Blitz November 15 Late 2022"]
[White "Prydun, Andriy"]
[Black "Gokerkan, Cem Kaan"]
[WhiteFideId "14145898"]
[BlackFideId "6336760"]
[WhiteElo "2163"]
[BlackElo "2365"]
[Result "0-1"]
[Round "08"]
[TimeControl "180+1"]
[Date "2022.11.16"]
[WhiteClock "0:00:39"]
[BlackClock "0:00:21"]

1. d4 Nf6 2. Nf3 g6 3. g3 Bg7 4. Bg2 O-O 5. c4 d6 6. O-O Nbd7 7. Nc3 e5 8. e4 exd4 9. Nxd4 Re8 10. h3 a6 11. a4 Nc5 12. Re1 a5 13. Bg5 h6 14. Bf4 Nfd7 15. Ndb5 Ne5 16. Bf1 Be6 17. b3 Qd7 18. Kh2 g5 19. Be3 Rad8 20. f4 gxf4 21. gxf4 Qe7 22. fxe5 Bxe5+ 23. Kh1 Qh4 24. Qf3 Kh7 25. Nd4 Rg8 26. Nf5 Bxf5 27. Qxf5+ Kh8 28. Bf2 Rg3 29. Nd5 Rdg8 30. Re3 Bxa1 31. Rxg3 Rxg3 32. Nf4 Be5 33. Ne2 Nxe4 34. Nxg3 Nxg3+ 35. Bxg3 Qxg3 0-1


[Site "https://www.chess.com"]